 Dungeon Crawl Stone Soup version 0.31-a0-237-g2d982f9f85 (webtiles) character file.

Game seed: 3124704119608226707

13981 garrulousMonolith the Thaumaturge (level 12, -12/91 HPs)
             Began as a Gnoll Earth Elementalist on July 11, 2023.
             Was a Follower of Ashenzari.
             Mangled by a komodo dragon (24 damage)
             ... on level 2 of the Lair of Beasts.
             The game lasted 00:16:36 (15306 turns).

garrulousMonolith the Thaumaturge (GnEE)           Turns: 15306, Time: 00:16:37

Health: -12/91     AC: 18    Str: 12    XL:     12   Next: 11%
Magic:  15/25      EV: 15    Int: 23    God:    Ashenzari [*.....]
Gold:   623        SH: 11    Dex: 17    Spells: 11/29 levels left

rFire   . . .        l - +1 dagger (venom)
rCold   + . .        q - +0 kite shield
rNeg    . . .        P - +4 robe of Augmentation {Str+4 Int+4 Dex+4}
rPois   .            B - +2 helmet of a bazaar {rElec}
rElec   +            O - +2 cloak
rCorr   .            r - +2 pair of gloves "Eternal With Me" {Fort, Bglg} (curse)
SInv    +            U - +0 pair of boots
Will    .....        L - amulet of the Lashed Heavens {Acrobat, Elem, Range} (curse)
Stlth   ++++         d - ring of see invisible
HPRegen 0.35/turn    y - ring of protection from cold
MPRegen 0.19/turn

%: acrobat
@: no status effects
A: fangs 1, strong nose, distributed training
a: Renounce Religion, Curse Item, Shatter the Chains


You were on level 2 of the Lair of Beasts.
You worshipped Ashenzari.
Ashenzari was aware of your devotion.
You visited 3 branches of the dungeon, and saw 14 of its levels.

You collected 719 gold pieces.
You spent 96 gold pieces at shops.

Inventory:

Hand Weapons
 l - a +1 dagger of venom (weapon)
 G - a +1 hand axe of electrocution
 H - the +7 staff of the Meek {protect, meekguard}
   (You found it on level 6 of the Dungeon)
Missiles
 z - 18 poisoned darts
 I - a throwing net
Armour
 k - a +0 buckler
 q - a +0 kite shield (worn)
 r - the cursed +2 pair of gloves "Eternal With Me" (worn) {Fort, Bglg}
   (You found it on level 2 of the Dungeon)

   It has a curse which improves the following skills: Fortitude: Armour and
   Shields.
   Beguiling: Conjurations, Hexes and Translocations.
 B - the +2 helmet of a bazaar (worn) {rElec}
   (You acquired it on level 11 of the Dungeon)

   rElec:     It insulates you from electricity.
 F - +0 steam dragon scales
 O - a +2 cloak (worn)
 P - the +4 robe of Augmentation (worn) {Str+4 Int+4 Dex+4}
   (You found it on level 10 of the Dungeon)

   Str:       It affects your strength (+4).
   Int:       It affects your intelligence (+4).
   Dex:       It affects your dexterity (+4).
 U - a +0 pair of boots (worn)
Jewellery
 d - a ring of see invisible (left hand)
 v - an amulet of guardian spirit
 y - a ring of protection from cold (right hand)
 A - a ring of protection from cold
 L - the cursed amulet of the Lashed Heavens (around neck) {Acrobat, Elem, Range}
   (You found it on level 8 of the Dungeon)

   [amulet of the acrobat]

   It increases your evasion while moving and waiting.
   It has a curse which improves the following skills: Elements: Fire Magic, Ice
   Magic, Air Magic and Earth Magic.
   Ranged Combat: Ranged Weapons and Throwing.
 S - an amulet of magic regeneration
 T - an amulet of regeneration
 V - a ring of positive energy
Wands
 a - a wand of quicksilver (3)
 h - a wand of charming (22)
 N - a wand of digging (9)
Scrolls
 e - a scroll of poison
 g - 8 scrolls of blinking
 i - a scroll of enchant weapon
 j - 4 scrolls of revelation
 n - 2 scrolls of torment
 o - 4 scrolls of enchant armour
 s - a scroll of brand weapon
 w - 3 scrolls of noise
 x - 2 scrolls of vulnerability
 C - 2 scrolls of amnesia
 E - 4 scrolls of teleportation
 K - 6 scrolls of identify
 M - a scroll of fear
 Q - 2 scrolls of fog
Potions
 c - 2 potions of enlightenment
 f - 2 potions of ambrosia
 m - 2 potions of might
 p - 4 potions of haste
 t - 9 potions of curing
 u - a potion of brilliance
 D - a potion of mutation
 J - a potion of cancellation
 R - a potion of heal wounds


   Skills:
 + Level 7.5 Fighting
 + Level 7.5 Short Blades
 + Level 7.5 Long Blades
 + Level 7.5 Axes
 + Level 7.5 Maces & Flails
 + Level 7.5 Polearms
 + Level 7.5 Staves
 + Level 7.5(8.3) Ranged Weapons
 + Level 7.5(8.3) Throwing
 + Level 7.5(8.3) Armour
 + Level 8.9 Dodging
 + Level 8.7 Stealth
 + Level 7.5(8.3) Shields
 + Level 7.5 Unarmed Combat
 + Level 9.1 Spellcasting
 + Level 6.2(7.0) Conjurations
 + Level 6.2(7.0) Hexes
 + Level 6.2 Summonings
 + Level 6.2 Necromancy
 + Level 6.2(7.0) Translocations
 + Level 6.6 Transmutations
 + Level 6.2(7.0) Fire Magic
 + Level 6.2(7.0) Ice Magic
 + Level 6.2(7.0) Air Magic
 + Level 8.4(9.2) Earth Magic
 + Level 6.2 Poison Magic
 + Level 8.2 Invocations
 + Level 7.5 Evocations


You had 11 spell levels left.
You knew the following spells:

 Your Spells              Type           Power      Damage    Failure   Level
a - Sandblast             Erth           100%       2d20      1%          1
b - Stone Arrow           Conj/Erth      94%        3d12      1%          3
c - Passwall              Tmut/Erth      39%        N/A       1%          2
d - Flame Wave            Conj/Fire      42%        2d11      10%         4
e - Summon Ice Beast      Ice/Summ       41%        N/A       11%         4
f - Leda's Liquefaction   Hex/Erth       23%        N/A       6%          4

Your spell library contained the following spells:

 Spells                   Type           Power      Damage    Failure   Level
 Kiss of Death            Conj/Necr      100%       2d13      1%          1
 Necrotise                Necr           100%       1d9       1%          1
 Scorch                   Fire           84%        2d8       1%          2
 Confusing Touch          Hex            42%        N/A       2%          3
 Portal Projectile        Hex/Tloc       84%        N/A       2%          3
 Tukima's Dance           Hex            42%        N/A       2%          3
 Vhi's Electric Charge    Tloc/Air       84%        N/A       2%          3
 Call Canine Familiar     Summ           39%        N/A       4%          3
 Vampiric Draining        Necr           39%        2d8       4%          3
 Petrify                  Tmut/Erth      47%        N/A       7%          4
 Passage of Golubria      Tloc           42%        N/A       10%         4
 Dispel Undead            Necr           39%        3d16      13%         4
 Arcjolt                  Conj/Air       21%        1d31      26%         5
 Yara's Violent Unravell  Hex/Tmut       21%        3d10      28%         5
 Summon Mana Viper        Hex/Summ       41%        N/A       30%         5
 Agony                    Necr           39%        N/A       36%         5
 Plasma Beam              Fire/Air       21%        2x1d33    82%         6
 Summon Cactus Giant      Summ           19%        N/A       90%         6
 Monstrous Menagerie      Summ           19%        N/A       100%        7


Dungeon Overview and Level Annotations

Branches:
Dungeon (11/15)            Temple (1/1) D:5            Lair (2/5) D:11
    Orc (0/2) D:11
  Swamp: Lair:2-3    Shoals: Lair:2-3     Snake: Lair:2-3    Spider: Lair:2-3

Altars:
Ashenzari
Cheibriados
Dithmenos
Elyvilon
Fedhas
Gozag
Hepliaklqana
Kikubaaqudgha
Makhleb
Nemelex Xobeh
Okawaru
Qazlal
Ru
Sif Muna
Trog
Uskayaw
Vehumet
Wu Jian
Xom
Yredelemnul
Zin
The Shining One

Shops:
D:5 (*(!

Annotations:
D:8 3 runed translucent doors, hgbash's ghost, journeyman TrFi


Innate Abilities, Weirdness & Mutations

You have very sharp teeth.
Your uncanny sense of smell can sniff out nearby items.
Your experience applies equally to all skills.


Message History

The komodo dragon bites you!!
A yak comes into view. x2
Your ice beast barely misses the komodo dragon.
Casting: Sandblast (safe; 1% risk of failure)
Confirm with . or Enter, or press ? or * to list all spells.
Aiming: Sandblast (safe; 1% risk of failure)
Press: ? - help, Shift-Dir - straight line, f/p - komodo dragon
Aim: a komodo dragon (lightly wounded, ally target, 89% to hit)
The blast of sand hits the komodo dragon!!
The komodo dragon is severely wounded.
The komodo dragon bites you!!
The cane toad stings your ice beast but does no damage.
Your ice beast hits the komodo dragon but does no damage.
The komodo dragon bites your ice beast! The cane toad stings your ice beast!
Casting: Sandblast (safe; 1% risk of failure)
Confirm with . or Enter, or press ? or * to list all spells.
Aiming: Sandblast (safe; 1% risk of failure)
Press: ? - help, Shift-Dir - straight line, f/p - komodo dragon
Aim: a komodo dragon (severely wounded, not watching you, 89% to hit)
The blast of sand hits the komodo dragon!
The komodo dragon is almost dead.
The cane toad barely misses your ice beast.
Your ice beast hits the cane toad.
Your ice beast freezes the cane toad!
The komodo dragon bites you!!
* * * LOW HITPOINT WARNING * * *
The cane toad stings your ice beast!
Your ice beast closely misses the cane toad.
Casting: Sandblast (safe; 1% risk of failure)
Confirm with . or Enter, or press ? or * to list all spells.
Aiming: Sandblast (safe; 1% risk of failure)
Press: ? - help, Shift-Dir - straight line, f/p - komodo dragon
Aim: a komodo dragon (almost dead, 89% to hit)
The blast of sand misses the komodo dragon.
The komodo dragon bites you!
* * * LOW HITPOINT WARNING * * *
The cane toad stings your ice beast!
Your ice beast dies!
Your ice beast disappears in a puff of smoke!
The komodo dragon bites you!!
You die...

###.......##....#
##..........#..#..#
#....#.........#...#
...#...⌠...⌠...#....
........>.....# ...
..#...⌠...⌠...# .#.
#. ##.........#..
#.[#.......#.#..
#...@#####....
....##.§l.......#
... ##.F....###. .
.#.YY..# . .......∆
## #...... ......
......


You could see a komodo dragon, 2 yaks and a cane toad.

Vanquished Creatures
  A boulder beetle (D:11)
  A two-headed ogre (D:10)
  A bog body (Lair:2)
  2 ugly things (D:11)
  An oklob plant (D:11)
  A black mamba (Lair:2)
  A gargoyle (D:11)
  A cane toad (Lair:2)
  A komodo dragon (Lair:2)
  A rime drake (Lair:2)
  A troll (D:11)
  Grinder (D:4)
  A hornet (D:9)
  2 wyverns
  11 yaks
  A shadow (D:10)
  A vampire (D:9)
  A wraith (D:11)
  A basilisk (Lair:2)
  4 steam dragons
  Menkaure (D:7)
  2 water moccasins
  5 ice beasts
  4 black bears
  5 orc warriors
  3 centaurs
  12 wolves
  3 phantoms
  3 kobold brigands
  3 scorpions
  4 bullfrogs
  A gnoll sergeant (D:9)
  13 wights
  14 killer bees
  2 howler monkeys (D:5)
  2 orc priests (D:10)
  2 jellies
  4 gnoll boudas
  Ijyb (D:5)
  2 iguanas
  Natasha (D:2)
  10 orc wizards
  6 adders
  23 gnolls
  2 ufetubi (D:6)
  3 worms
  A dart slug (D:3)
  33 orcs
  12 ball pythons
  6 bats
  9 endoplasms
  2 giant cockroaches
  9 goblins
  3 hobgoblins
  4 jackals (D:3)
  3 quokkas
  7 frilled lizards
  23 kobolds
  7 rats
285 creatures vanquished.

Notes
Turn   | Place    | Note
-------+----------+-------------------------------------------
     0 | D:1      | garrulousMonolith the Gnoll Earth Elementalist began the
                  | quest for the Orb.
     0 | D:1      | Reached XP level 1. HP: 13/13 MP: 6/6
    65 | D:1      | Reached XP level 2. HP: 19/19 MP: 1/7
   536 | D:1      | Reached skill level 5 in Spellcasting
   536 | D:1      | Reached XP level 3. HP: 25/25 MP: 5/9
   556 | D:1      | Learned a level 3 spell: Stone Arrow
   559 | D:1      | Learned a level 2 spell: Passwall
   823 | D:1      | Reached skill level 1 in Invocations
  1165 | D:2      | Reached skill level 1 in Fighting
  1165 | D:2      | Reached skill level 1 in Short Blades
  1165 | D:2      | Reached skill level 1 in Long Blades
  1165 | D:2      | Reached skill level 1 in Axes
  1165 | D:2      | Reached skill level 1 in Maces & Flails
  1165 | D:2      | Reached skill level 1 in Polearms
  1165 | D:2      | Reached skill level 1 in Staves
  1165 | D:2      | Reached skill level 1 in Ranged Weapons
  1165 | D:2      | Reached skill level 1 in Throwing
  1165 | D:2      | Reached skill level 1 in Armour
  1165 | D:2      | Reached skill level 1 in Shields
  1165 | D:2      | Reached skill level 1 in Unarmed Combat
  1165 | D:2      | Reached skill level 1 in Evocations
  1347 | D:2      | Reached XP level 4. HP: 32/32 MP: 9/11
  1443 | D:2      | Noticed Natasha
  1450 | D:2      | Killed Natasha
  1451 | D:2      | Reached skill level 1 in Conjurations
  1451 | D:2      | Reached skill level 1 in Hexes
  1451 | D:2      | Reached skill level 1 in Summonings
  1451 | D:2      | Reached skill level 1 in Necromancy
  1451 | D:2      | Reached skill level 1 in Translocations
  1451 | D:2      | Reached skill level 1 in Fire Magic
  1451 | D:2      | Reached skill level 1 in Ice Magic
  1451 | D:2      | Reached skill level 1 in Air Magic
  1451 | D:2      | Reached skill level 1 in Poison Magic
  1854 | D:2      | Found a faded altar of an unknown god.
  2210 | D:3      | Reached XP level 5. HP: 37/37 MP: 10/12
  2538 | D:3      | Found a snail-covered altar of Cheibriados.
  2868 | D:3      | Reached skill level 6 in Spellcasting
  2868 | D:3      | Reached skill level 5 in Invocations
  2868 | D:3      | Reached XP level 6. HP: 49/49 MP: 12/15
  2975 | D:4      | Reached skill level 7 in Spellcasting
  3091 | D:4      | Reached XP level 7. HP: 55/55 MP: 15/17
  3420 | D:4      | Noticed Grinder
  3425 | D:4      | Killed Grinder
  3586 | D:5      | Entered Level 5 of the Dungeon
  3596 | D:5      | Noticed Ijyb
  3600 | D:5      | Killed Ijyb
  3698 | D:5      | Reached skill level 5 in Fighting
  3698 | D:5      | Reached skill level 5 in Short Blades
  3698 | D:5      | Reached skill level 5 in Long Blades
  3698 | D:5      | Reached skill level 5 in Axes
  3698 | D:5      | Reached skill level 5 in Maces & Flails
  3698 | D:5      | Reached skill level 5 in Polearms
  3698 | D:5      | Reached skill level 5 in Staves
  3698 | D:5      | Reached skill level 5 in Ranged Weapons
  3698 | D:5      | Reached skill level 5 in Throwing
  3698 | D:5      | Reached skill level 5 in Armour
  3698 | D:5      | Reached skill level 5 in Shields
  3698 | D:5      | Reached skill level 5 in Unarmed Combat
  3698 | D:5      | Reached skill level 5 in Evocations
  3739 | D:5      | Reached XP level 8. HP: 62/62 MP: 6/18
  3839 | D:5      | Found Oduumalu's Overcharged Wands.
  4057 | D:5      | Found Usezaos's Distillery.
  4060 | D:5      | Bought a potion of mutation for 96 gold pieces
  4327 | D:5      | Found Ikem's Antique Weapon Boutique.
  4385 | D:5      | Found Hurid's Weapon Shoppe.
  4523 | D:5      | Found a staircase to the Ecumenical Temple.
  5037 | D:6      | Reached XP level 9. HP: 68/68 MP: 10/20
  5050 | D:6      | Found an opulent altar of Gozag.
  5053 | D:6      | Reached skill level 5 in Transmutations
  5154 | D:6      | Found a burning altar of Makhleb.
  5159 | D:6      | Found a shimmering altar of Xom.
  5267 | D:6      | Found the +7 staff of the Meek {protect, meekguard}
  5694 | Temple   | Entered the Ecumenical Temple
  5709 | Temple   | Became a worshipper of Ashenzari the Shackled
  6491 | D:7      | Noticed Menkaure
  6495 | D:7      | Killed Menkaure
  6799 | D:7      | Reached XP level 10. HP: 76/76 MP: 14/21
  7348 | D:7      | Found a bloodstained altar of Trog.
  7357 | D:7      | Found a glowing golden altar of the Shining One.
  7468 | D:7      | Learned a level 4 spell: Leda's Liquefaction
  8200 | D:8      | Found a hide-covered altar of Uskayaw.
  8229 | D:8      | Found a white marble altar of Elyvilon.
  8528 | D:8      | Reached skill level 5 in Conjurations
  8528 | D:8      | Reached skill level 5 in Hexes
  8528 | D:8      | Reached skill level 5 in Summonings
  8528 | D:8      | Reached skill level 5 in Necromancy
  8528 | D:8      | Reached skill level 5 in Translocations
  8528 | D:8      | Reached skill level 5 in Fire Magic
  8528 | D:8      | Reached skill level 5 in Ice Magic
  8528 | D:8      | Reached skill level 5 in Air Magic
  8528 | D:8      | Reached skill level 5 in Poison Magic
  8844 | D:8      | Found a runed translucent gate.
  8844 | D:8      | Found a runed translucent gate.
  8844 | D:8      | Found a runed translucent gate.
  8845 | D:8      | Found an opulent altar of Gozag.
  8846 | D:8      | Noticed hgbash's ghost (journeyman TrFi)
  8917 | D:8      | Reached * piety under Ashenzari
  9075 | D:8      | Found a sparkling altar of Nemelex Xobeh.
  9315 | D:9      | Identified a scroll of acquirement
  9319 | D:9      | Reached skill level 8 in Spellcasting
  9470 | D:9      | Acquired a book of Beasts
  9477 | D:9      | Learned a level 4 spell: Summon Ice Beast
 11029 | D:10     | Entered Level 10 of the Dungeon
 11043 | D:10     | Noticed a two-headed ogre
 11046 | D:10     | Killed a two-headed ogre
 11047 | D:10     | Reached XP level 11. HP: 47/83 MP: 13/23
 11968 | D:10     | Found the +4 robe of Augmentation {Str+4 Int+4 Dex+4}
 12304 | D:11     | Noticed a sea snake
 12318 | D:11     | Noticed a boulder beetle
 12347 | D:11     | Killed a boulder beetle
 12482 | D:11     | Noticed a green ugly thing
 12487 | D:11     | Killed a green ugly thing
 12578 | D:11     | Found a staircase to the Lair.
 12578 | D:11     | Noticed an oklob plant
 12594 | D:11     | Killed an oklob plant
 12737 | D:11     | Noticed a cyan ugly thing
 12813 | D:11     | Found a staircase to the Orcish Mines.
 12905 | D:11     | Killed a cyan ugly thing
 13025 | D:11     | Learned a level 4 spell: Flame Wave
 13487 | D:11     | Noticed a sea snake
 13517 | D:11     | Acquired the +2 helmet of a bazaar {rElec}
 13593 | Lair:1   | Entered Level 1 of the Lair of Beasts
 13777 | Lair:1   | Identified the +7 chain mail of Pyit {Will+}
 14529 | Lair:2   | Noticed a bog body
 14534 | Lair:2   | Killed a bog body
 14647 | Lair:2   | Reached skill level 9 in Spellcasting
 14941 | Lair:2   | Reached XP level 12. HP: 90/91 MP: 16/25
 15306 | Lair:2   | Mangled by a komodo dragon

Illustrated notes

Levels and vault maps discovered:
D:1:      ncdulo_wetmaze, layout_loops_ring, minmay_misc_feat_ornament,
          minmay_split_cup_large
D:2:      layout_basic, shapermc_ecumenical_altar_acropolis, serial_forest,
          infiniplex_forest_straight_2, infiniplex_forest_zigzag_1,
          infiniplex_forest_lined_corner, infiniplex_forest_clump_diagonal,
          infiniplex_forest_end_double, uniq_natasha
D:3:      layout_loops_ring, mainiacjoe_overflow_paths
D:4:      layout_basic, minmay_misc_feat_pillars, minmay_misc_feat_alley,
          uniq_grinder
D:5:      layout_basic, minmay_temple_entry_from_below_b, serial_shops, shop,
          kennysheep_mini_moat, nicolae_shop_real_fake_doors,
          nicolae_shop_overcharged_wands, uniq_ijyb
D:6:      layout_basic, minmay_overflow_temple_star_quad, hex_tiny
D:7:      layout_loops_ring, amethyst_overflow_temple_binary, uniq_menkaure
D:8:      layout_loops_cross, nemelex_diamond_rough_becter,
          mainiacjoe_overflow_large_starburst, ebering_ghost_gozag
D:9:      layout_loops_corners
D:10:     layout_basic
D:11:     layout_basic, dpeg_oklobed_lair, orc_0_dummy, serial_aquarium,
          aquarium_bridge_long_separate [aquarium_subvault_wall,
          aquarium_subvault_bridge, aquarium_subvault_bridge,
          aquarium_subvault_wall, aquarium_subvault_wall,
          aquarium_subvault_bridge], aquarium_bridge_square
          [aquarium_subvault_wall, aquarium_subvault_window,
          aquarium_subvault_bridge, aquarium_subvault_wall], aquarium_window_2,
          aquarium_window_2, aquarium_window_corridor_1, aquarium_view_2c,
          aquarium_view_2d, aquarium_pool_1
Temple:   nicolae_temple_god_jail
Lair:1:   layout_concentric_octagons
Lair:2:   layout_big_grid, nicolae_swamp_entry_splash_gauntlet,
          grunt_megastairs_2

Skill      XL: |  1  2  3  4  5  6  7  8  9 10 11 |
---------------+----------------------------------+-----
Transmutations | 2 4 5 6 |  6.6
Spellcasting   | 5 6 7 8 9 |  9.1
Invocations    | 1 5 6 7 8 |  8.2
Fighting       | 1 4 5 6 7 |  7.5
Short Blades   | 1 4 5 6 7 |  7.5
Long Blades    | 1 4 5 6 7 |  7.5
Axes           | 1 4 5 6 7 |  7.5
Maces & Flails | 1 4 5 6 7 |  7.5
Polearms       | 1 4 5 6 7 |  7.5
Staves         | 1 4 5 6 7 |  7.5
Ranged Weapons | 1 4 5 6 7 |  7.5
Throwing       | 1 4 5 6 7 |  7.5
Armour         | 1 4 5 6 7 |  7.5
Shields        | 1 4 5 6 7 |  7.5
Unarmed Combat | 1 4 5 6 7 |  7.5
Evocations     | 1 4 5 6 7 |  7.5
Conjurations   | 1 3 4 5 6 |  6.2
Hexes          | 1 3 4 5 6 |  6.2
Summonings     | 1 3 4 5 6 |  6.2
Necromancy     | 1 3 4 5 6 |  6.2
Translocations | 1 3 4 5 6 |  6.2
Fire Magic     | 1 3 4 5 6 |  6.2
Ice Magic      | 1 3 4 5 6 |  6.2
Air Magic      | 1 3 4 5 6 |  6.2
Poison Magic   | 1 3 4 5 6 |  6.2
Dodging        | 6 7 8 |  8.9
Stealth        | 6 7 8 |  8.7
Earth Magic    | 6 7 8 |  8.4

Action                     |  1- 3 |  4- 6 |  7- 9 | 10-12 || total
---------------------------+-------+-------+-------+-------++-------
  Melee: Dagger            |       |     1 |     2 |    31 ||    34
         Bite              |       |       |       |     6 ||     6
   Cast: Sandblast         |    46 |    69 |    96 |   146 ||   357
         Stone Arrow       |       |       |    55 |   163 ||   218
         Summon Ice Beast  |       |       |       |     2 ||     2
         Leda's Liquefacti |       |       |       |     1 ||     1
         Flame Wave        |       |       |       |    12 ||    12
 Invoke: Curse Item        |       |       |       |     2 ||     2
    Use: Scroll            |       |     9 |     4 |     4 ||    17
         Potion            |       |     1 |       |     4 ||     5
 Armour: Robe              |       |     4 |     3 |    54 ||    61
         Steam dragon scal |       |       |    12 |    44 ||    56
  Dodge: Dodged            |    13 |    32 |    44 |   166 ||   255
  Block: Buckler           |       |     6 |    19 |    45 ||    70
         Kite shield       |       |       |       |    74 ||    74

Table legend: (Time is in decaauts)
 A = Elapsed time spent in this place.
 B = Non-inter-level travel time spent in this place.
 C = Inter-level travel time spent in this place.
 D = Time resting spent in this place.
 E = Time spent auto-exploring this place.
 F = Levels seen in this place.
 G = Mean time per level.
                   A        B        C        D        E       F      G
               +--------+--------+--------+--------+--------+-----+--------+
         Total |  15523 |  15150 |    373 |   4150 |   9095 |  14 | 1108.8 |
       Dungeon |  13696 |  13373 |    323 |   3492 |   8189 |  11 | 1245.1 |
        Temple |     64 |     50 |     14 |      0 |     27 |   1 |   64.0 |
          Lair |   1762 |   1727 |     35 |    658 |    879 |   2 |  881.0 |
               +--------+--------+--------+--------+--------+-----+--------+

Top non-repeatable levels by time:
     D:9: 1880 daAuts
     D:7: 1794 daAuts
    D:11: 1508 daAuts
     D:8: 1488 daAuts
     D:6: 1243 daAuts
  Lair:1: 1211 daAuts
     D:5: 1194 daAuts
     D:2: 1094 daAuts
     D:1: 1076 daAuts
    D:10: 928 daAuts
     D:3: 788 daAuts
     D:4: 700 daAuts
  Lair:2: 551 daAuts
  Temple: 64 daAuts
